Map: 蓝移-天梯版

Players

IIIIIIIII

  • Race: Terran Terran

电脑难度(新手) - Winner!

  • Race: Protoss Protoss

VOD

Have the link to the VOD?

Description

Time

  • Played on: Dec. 26, 2018, 2:03 a.m.
  • Length: 11:14
Show
View Real Time Build Order
Export as new Build Order

IIIIIIIII Terran 

Build Orders: Reaper Expand 

Get SALT Encoding   

  12  0:01  SCV  
  13  0:13  SCV  
  14  0:18  Supply Depot  
  14  0:25  SCV  
  15  0:41  Barracks, Refinery  
  15  0:44  SCV  
  16  0:56  SCV  
  17  1:10  SCV  
  18  1:22  SCV  
  19  1:28  Reaper  
  20  1:37  Orbital Command  
  20  1:51  Command Center  
  20  2:03  Supply Depot  
  20  2:06  Barracks Tech Lab  
  20  2:08  SCV  
  21  2:16  Factory  
  21  2:25  Marauder  
  23  2:30  Refinery  
  23  2:32  SCV  
  24  2:44  SCV  
  24  2:46  Marauder  
  27  3:04  Orbital Command  
  28  3:12  Cyclone  
  31  3:14  Marine, SCV  
  33  3:26  SCV  
  34  3:30  SCV  
  35  3:34  Barracks Reactor  
  35  3:38  SCV  
  35  3:40  Command Center  
  36  3:45  Cyclone  
  39  3:52  SCV  
  39  3:54  Supply Depot  
  39  3:55  SCV  
  41  4:04  SCV, Bunker  
  41  4:07  SCV  
  43  4:17  SCV  
  44  4:19  SCV  
  44  4:24  Widow Mine x2, Stimpack  
  46  4:29  SCV, Supply Depot  
  50  4:36  SCV  
  51  4:41  SCV  
  51  4:42  Refinery x2  
  52  4:46  Widow Mine  
  52  4:50  SCV  
  52  4:51  Widow Mine  
  57  4:57  Orbital Command  
  57  4:59  SCV  
  58  5:02  Armory  
  58  5:03  SCV  
  59  5:11  SCV  
  60  5:15  SCV  
  61  5:23  SCV  
  61  5:26  Marine  
  61  5:27  Factory Tech Lab, SCV  
  61  5:28  Orbital Command  
  65  5:29  Starport  
  65  5:31  Barracks  
  64  5:35  SCV  
  64  5:40  SCV  
  64  5:41  Barracks  
  66  5:45  Engineering Bay  
  66  5:48  SCV  
  67  5:52  SCV, Engineering Bay  
  67  5:53  SCV, Supply Depot  
  67  5:54  Supply Depot  
  69  5:58  Drilling Claws  
  69  5:59  Widow Mine  
  69  6:00  SCV  
  69  6:02  Terran Ship Weapons Level 1  
  72  6:07  SCV x2  
  72  6:09  Starport Reactor  
  74  6:12  SCV  
  74  6:13  Terran Infantry Weapons Level 1  
  75  6:19  SCV  
  75  6:20  SCV  
  75  6:21  Refinery x2  
  75  6:24  SCV  
  78  6:27  Marine, Combat Shield  
  78  6:28  Marine, Barracks Reactor  
  78  6:30  Supply Depot  
  78  6:31  Liberator x2, SCV  
  78  6:32  SCV  
  82  6:36  Widow Mine  
  82  6:37  SCV  
  86  6:44  SCV  
  88  6:48  Fusion Core  
  88  6:49  SCV, Starport  
  88  6:52  SCV  
  94  6:54  Supply Depot  
  94  6:57  SCV  
  94  6:58  Supply Depot  
  95  7:01  SCV  
  95  7:05  SCV  
  97  7:09  SCV  
  97  7:10  Marine x3, Supply Depot  
  101  7:16  Marine, Liberator x2, SCV  
  103  7:27  Supply Depot  
  103  7:28  Supply Depot, Sensor Tower  
  104  7:35  Factory Reactor  
  109  7:39  Marine x2, SCV  
  109  7:40  Marine, Advanced Ballistics  
  109  7:41  Marine, Raven  
  109  7:42  Marine  
  117  7:49  Missile Turret  
  117  7:52  Supply Depot  
  117  7:57  Marine x2  
  119  7:59  Supply Depot  
  119  8:00  Terran Ship Weapons Level 2  
  119  8:02  Liberator x2  
  119  8:03  Command Center, Terran Infantry Armor Level 1  
  119  8:06  Marine x3  
  119  8:07  Concussive Shells  
  122  8:13  Liberator  
  128  8:23  Widow Mine  
  128  8:24  Marine x3, Barracks, Widow Mine  
  128  8:25  Barracks  
  138  8:35  Marine x2  
  138  8:40  Supply Depot  
  140  8:41  Marine, Supply Depot  
  140  8:42  Marine  
  140  8:45  Liberator x2  
  140  8:48  Terran Infantry Weapons Level 2  
  142  8:56  Marine x3  
  151  9:08  Liberator x2  
  151  9:09  Missile Turret  
  151  9:10  Marine, Factory Reactor, Missile Turret x2  
  151  9:11  Marine  
  151  9:14  Marine  
  151  9:15  Barracks Reactor x2  
  154  9:18  Command Center  
  154  9:25  Marine  
  154  9:26  Supply Depot  
  154  9:27  Marine  
  154  9:28  Marine, Liberator x2, Supply Depot  
  163  9:34  Marine  
  163  9:35  Marine  
  165  9:43  Marine  
  165  9:45  Marine  
  173  9:46  Marine  
  173  9:47  Planetary Fortress  
  173  9:48  Missile Turret  
  173  9:49  Refinery  
  173  9:51  Refinery  
  173  9:52  Marine x2, Missile Turret, Supply Depot  
  174  9:55  Marine x4, Liberator  
  174  9:58  Widow Mine x2  
  184  10:05  Marine  
  184  10:06  Marine x2, Liberator  
  187  10:10  Marine  
  191  10:15  Marine x2  
  193  10:23  Marine x2  
  197  10:32  Barracks  
  197  10:33  Barracks x2  
  197  10:34  Ghost Academy  
  197  10:36  Orbital Command  
  197  10:51  Starport  
  197  10:55  Command Center  
Show
View Real Time Build Order
Export as new Build Order

电脑难度(新手) Protoss - Winner!

Build Orders: 1 Gate Expand, Nexus First 

Get SALT Encoding   

  12  0:00  Probe  
  13  0:13  Probe  
  14  0:18  Pylon  
  14  0:43  Gateway  
  14  1:01  Nexus  
  14  1:20  Pylon  
  14  1:21  Zealot  
  14  1:24  Assimilator  
  16  1:36  Cybernetics Core  
  16  1:37  Probe  
  17  1:50  Probe  
  18  1:59  Assimilator  
  18  2:00  Probe  
  18  2:05  Stalker  
  19  2:08  Probe  
  22  2:17  Probe  
  22  2:18  Warp Gate  
  22  2:22  Probe  
  24  2:31  Probe  
  25  2:38  Probe  
  26  2:45  Probe, Assimilator  
  26  2:49  Pylon  
  27  2:53  Probe  
  28  3:00  Probe  
  28  3:03  Probe  
  30  3:14  Robotics Facility, Probe  
  31  3:25  Zealot  
  33  3:28  Probe  
  34  3:35  Probe  
  35  3:43  Probe  
  36  3:50  Probe  
  37  3:57  Observer, Probe  
  39  4:04  Probe  
  40  4:11  Observer, Probe  
  41  4:19  Probe  
  43  4:26  Probe, Assimilator  
  44  4:33  Probe  
  44  4:36  Pylon  
  44  4:38  Sentry  
  47  4:40  Probe  
  48  4:48  Probe  
  48  4:55  Probe  
  49  5:02  Probe  
  50  8:27  Observer  
  50  10:30  Warp Prism  
  50  10:40  Gateway  
  50  10:42  Robotics Bay  
  52  10:44  Stargate  
  52  10:47  Pylon  
  52  11:02  Stalker  
Tags
 
Add a new tag
Caveats
  • Supply blocks, unpowered buildings, or Contaminate may cause inaccurate times.
  • Supply counts are checked every 10 seconds.